 Dungeon Crawl Stone Soup version 0.21.1-1-g345015fe64 (webtiles) character file.

261 NoiZ the Cudgeler (level 6, 0/48 HPs)
             Began as a Human Berserker on June 1, 2018.
             Was a Believer of Trog.
             Slain by a gnoll (4 damage)
             ... on level 3 of the Dungeon.
             The game lasted 00:48:12 (4267 turns).

NoiZ the Cudgeler (Human Berserker)                 Turns: 4267, Time: 00:48:12

Health: 0/48       AC:  9    Str: 20    XL:     6   Next: 42%
Magic:  6/6        EV:  7    Int:  7    God:    Trog [**....]
Gold:   102        SH:  0    Dex: 17    Spells: 5/5 levels left

rFire    . . .     SeeInvis .   G - -3 dagger (curse)
rCold    + . .     Gourm    .   (no shield)
rNeg     . . .     Faith    .   B - +0 chain mail (curse)
rPois    .         Spirit   .   (no helmet)
rElec    .         Reflect  +   D - scarf {cloud immunity}
rCorr    .         Harm     .   (no gloves)
MR       ++...                  (no boots)
Stlth    ..........             e - +2 amulet of reflection
HPRegen  1.16/turn              A - ring of protection from cold
MPRegen  0.10/turn              (no ring)

@: agile, held, regenerating
A: no striking features
a: Berserk, Trog's Hand, Burn Spellbooks, Renounce Religion


You were on level 3 of the Dungeon.
You worshipped Trog.
Trog was pleased with you.
You were hungry.

You visited 1 branch of the dungeon, and saw 3 of its levels.

You collected 102 gold pieces.

Inventory:

Hand Weapons
 a - a +0 mace
 b - a cursed -1 dagger
 d - a +0 flail
 g - a +1 scythe
 l - a cursed -3 club
 s - a +0 club
 t - a +0 club
 u - a +0 short sword
 x - a -3 club
 y - a +0 dagger
 C - a +0 hand axe
 G - a cursed -3 dagger (weapon)
 I - a +0 hunting sling
 J - a cursed +0 dagger
Missiles
 k - 75 stones (quivered)
 v - 38 arrows
 z - 38 bolts
 H - 4 curare-tipped needles
Armour
 j - a +1 leather armour
 m - a +0 centaur barding
 B - a cursed +0 chain mail (worn)
 D - a scarf of cloud immunity (worn)
 K - a +0 chain mail
Jewellery
 e - a +2 amulet of reflection (around neck)
 p - an uncursed amulet of the gourmand {unknown}
 w - a +5 ring of evasion {unknown}
 A - a ring of protection from cold (left hand)
Wands
 E - a wand of digging (8)
Scrolls
 o - a scroll of fear
 F - 2 scrolls of enchant weapon
Potions
 f - a potion of might {unknown}
 h - a potion of agility
 i - 2 potions of berserk rage {unknown}
 q - a potion of mutation {unknown}
 r - a potion of haste {unknown}
Comestibles
 c - 2 rations
 n - 3 chunks of flesh


   Skills:
 + Level 3.9 Fighting
 + Level 0.7 Short Blades
 + Level 4.2 Maces & Flails
 + Level 3.3 Armour
 + Level 3.4 Dodging
 * Level 1.3 Stealth


You had 5 spell levels left.
You didn't know any spells.

Dungeon Overview and Level Annotations

Branches:
Dungeon (3/15)

Altars:
Fedhas
Gozag
Vehumet


Message History

The gnoll barely misses you. x2
The gnoll hits you but does no damage. The gnoll closely misses you.
The gnoll barely misses you. The gnoll hits you.
The gnoll hits you from afar with a halberd!
The gnoll barely misses you. x2
The gnoll hits you from afar with a halberd!
* * * LOW HITPOINT WARNING * * *
The gnoll hits you but does no damage. x2
The gnoll closely misses you. The gnoll completely misses you.
The gnoll hits you but does no damage.
Your skin crawls.
You feel resistant to hostile enchantments.
You are feeling hungry.
The gnoll hits you from afar with a halberd.
* * * LOW HITPOINT WARNING * * *
The gnoll hits you but does no damage. The gnoll hits you.
* * * LOW HITPOINT WARNING * * *
Unknown command.
The gnoll closely misses you. The gnoll barely misses you. The gnoll hits you.
You die...

#.#g###.#..##
#####.#..#≈_#....
......g..####..#
#####.#.####...##
#.#÷###.....##
#..#####............##
..........#>gg......#
#.#####..###.......#
..#.....# #.g@...##
.#.###.# #.#...#.##. . ...#
#.# #.##....... .#####.#
#.# #.# ......###
...#...###.# #.# ..###...
#.#..#.##.##....#......#
#...###.#.##...#
#.##..##### ##..####......#
##.#......#
#...##......#.###.##..###.#
###


You could see 3 gnolls.

Vanquished Creatures
  Sigmund (D:2)
  Ijyb (D:3)
  A gnoll (D:2)
  An adder (D:1)
  3 worms
  2 dart slugs
  2 leopard geckos
  An orc (D:3)
  2 ball pythons
  3 giant cockroaches
  6 goblins
  5 hobgoblins
  4 jackals (D:3)
  5 kobolds
  A quokka (D:3)
  7 bats
  2 frilled lizards (D:1)
  6 rats
  5 fungi (D:2)
  A plant (D:2)
59 creatures vanquished.

Vanquished Creatures (others)
  A rat (D:3)
  A fungus (D:2)
2 creatures vanquished.

Grand Total: 61 creatures vanquished

Notes
Turn   | Place    | Note
-------+----------+-------------------------------------------
     0 | D:1      | NoiZ the Human Berserker began the quest for the Orb.
     0 | D:1      | Reached XP level 1. HP: 18/18 MP: 1/1
   371 | D:1      | Reached XP level 2. HP: 24/24 MP: 2/2
  1005 | D:2      | Found a faded altar of an unknown god.
  1039 | D:1      | Reached XP level 3. HP: 3/29 MP: 3/3
  1047 | D:1      | HP: 1/29 [poisoned by an adder]
  1500 | D:2      | Noticed Sigmund
  1522 | D:2      | Killed Sigmund
  1522 | D:2      | Reached skill level 4 in Maces & Flails
  1522 | D:2      | Reached XP level 4. HP: 13/37 MP: 4/4
  1522 | D:2      | Reached XP level 5. HP: 14/42 MP: 5/5
  1750 | D:2      | Found a blossoming altar of Fedhas.
  1952 | D:2      | Reached XP level 6. HP: 48/48 MP: 6/6
  2508 | D:2      | Reached ** piety under Trog
  3965 | D:3      | Noticed Ijyb
  4046 | D:3      | Killed Ijyb
  4046 | D:3      | Reached skill level 1 in Stealth
  4136 | D:3      | Found a radiant altar of Vehumet.
  4136 | D:3      | Found an opulent altar of Gozag.
  4267 | D:3      | Slain by a gnoll

Skill      XL: |  1  2  3  4  5  6 |
---------------+-------------------+-----
Maces & Flails | 4 |  4.2
Armour         | 3 |  3.3
Dodging        | 3 |  3.4
Stealth        | 1 |  1.3
Fighting       | |  3.9
Short Blades   | |  0.7

Action                   |  1- 3 |  4- 6 || total
-------------------------+-------+-------++-------
Melee: Mace              |    79 |       ||    79
       Scythe            |       |    69 ||    69
       Dagger            |       |   578 ||   578
Throw: Stone             |       |    11 ||    11
Invok: Berserk           |       |     2 ||     2
       Trog's Hand       |       |     1 ||     1
  Use: Scroll            |     2 |     5 ||     7
       Potion            |       |     3 ||     3
  Eat: Chunk             |     1 |     6 ||     7
       Ration            |       |     2 ||     2
Armor: Leather armour    |    38 |    10 ||    48
       Chain mail        |       |   241 ||   241
Dodge: Dodged            |    80 |   279 ||   359
Block: Other             |     6 |    40 ||    46
       Reflection        |       |     1 ||     1
